Heat vs Icehogs
Created - January 9, 2022 at 19:34
Goals
|
| Heat |
1 |
1 |
2 |
4 |
| Icehogs |
1 |
0 |
2 |
3 |
|
Shots
|
| Heat |
14 |
14 |
8 |
36 |
| Icehogs |
14 |
7 |
14 |
35 |
|
1st period
1. Heat , Kevin Labanc 5 (Victor Rask 13) at 5:12 (PP)
2. Icehogs , Mattias Janmark 4 (Ben Harpur 10, Petter Granberg 4) at 9:52
Penalties :
Ben Harpur (Roc) for Hooking (Minor) at 4:55, Kevin Labanc (Sto) for Hooking (Minor) at 9:55, Frank Corrado (Sto) for Holding (Minor) at 13:15, Frank Corrado (Sto) for Hooking (Minor) at 19:55
2nd period
3. Heat , Kevin Labanc 6 (Matthew Nieto 8, Greg Pateryn 10) at 7:23 (PP)
Penalties :
Curtis Lazar (Roc) for Cross-checking (Minor) at 6:22, Frank Corrado (Sto) for Interference (Minor) at 13:51, Ryan Hartman (Roc) for Tripping (Minor) at 19:16
3rd period
4. Icehogs , Petter Granberg 3 (Sam Reinhart 2, Craig Cunningham 2) at 8:06
5. Heat , Kevin Labanc 7 (Victor Rask 14, Rasmus Andersson 6) at 11:49 (PP)
6. Icehogs , Tanner Richard 4 (Curtis Lazar 9, Mikhail Grigorenko 6) at 17:19
7. Heat , Victor Rask 5 (Kevin Labanc 13, Matthew Nieto 9) at 17:51
Penalties :
Tanner Richard (Roc) for Tripping (Minor) at 11:32, Nick Mattson (Roc) for Delaying the game (Minor) at 12:39, Ben Harpur (Roc) for Slashing (Minor) at 18:13
Goalie Stats
Nathan Lieuwen (Sto), 32 saves from 35 shots - (0.914), W, 2-2-0, 60:00 minutes
Joe Cannata (Roc), 32 saves from 36 shots - (0.889), L, 5-5-1, 60:00 minutes
Players Stats for Heat
Player Name G A P +/- PIM S H SB GA TA FO MP PP MP PK MP
------------------------------------------------------------------------------------
Barclay Goodrow 0 0 0 -1 0 0 1 0 0 0 0/0 8:54 0:00 0:00
Chris Brown 0 0 0 0 0 1 0 0 0 0 2/6 10:18 0:00 0:34
Evgeny Svechnikov 0 0 0 -1 0 0 1 0 0 0 0/0 14:01 2:30 0:00
Frank Corrado 0 0 0 1 6 0 0 0 0 0 0/0 18:11 2:27 0:49
Greg Pateryn 0 1 1 -2 0 1 1 2 0 0 0/0 28:22 4:52 4:54
Jake DeBrusk 0 0 0 -1 0 3 2 0 0 1 0/0 17:45 2:30 3:22
Jesper Bratt 0 0 0 0 0 1 0 0 1 0 0/0 9:44 0:00 0:00
John Gilmour 0 0 0 -1 0 0 2 1 0 0 0/0 13:07 1:01 0:32
Kevin Labanc 3 1 4 0 2 6 1 0 2 0 1/2 22:09 4:49 3:25
Mathieu Brodeur 0 0 0 -2 0 4 2 3 0 1 0/0 28:34 3:51 4:38
Matthew Nieto 0 2 2 0 0 2 1 1 0 0 0/2 19:04 4:49 0:19
Nico Sturm 0 0 0 -1 0 4 1 0 0 0 7/12 13:50 0:00 4:37
Peter Cehlarik 0 0 0 -1 0 5 0 0 2 0 1/1 10:43 0:00 1:14
Petteri Lindbohm 0 0 0 -1 0 1 0 1 0 0 0/0 13:24 0:00 1:51
Rasmus Andersson 0 1 1 1 0 2 0 3 0 1 0/0 18:59 2:27 3:08
Ryan Spooner 0 0 0 -1 0 3 2 0 1 0 4/12 16:27 2:30 2:21
Tyler Shattock 0 0 0 0 0 2 2 0 0 0 1/1 9:44 0:00 0:00
Victor Rask 1 2 3 0 0 1 3 1 0 1 14/29 18:44 4:49 0:00
Players Stats for Icehogs
Player Name G A P +/- PIM S H SB GA TA FO MP PP MP PK MP
------------------------------------------------------------------------------------
Ben Harpur 0 1 1 2 4 2 3 0 0 0 0/0 26:28 4:04 3:00
Clark Bishop 0 0 0 0 0 0 0 0 0 0 7/11 12:23 0:00 0:45
Craig Cunningham 0 1 1 0 0 5 1 0 0 2 1/2 22:30 4:29 4:23
Curtis Lazar 0 1 1 1 2 1 0 0 0 0 0/0 15:05 3:19 0:00
Jackson Cates 0 0 0 1 0 1 1 0 0 0 1/5 7:09 0:00 0:00
Mattias Janmark 1 0 1 1 0 2 0 0 0 0 1/5 10:41 0:00 2:59
Mike Reilly 0 0 0 0 0 1 1 1 0 0 0/0 21:31 3:52 2:54
Mikhail Grigorenko 0 1 1 1 0 1 2 0 0 1 1/1 16:30 3:19 1:25
Myles Bell 0 0 0 0 0 5 2 0 0 0 0/0 11:57 0:06 0:00
Nick Mattson 0 0 0 0 2 1 1 1 1 0 0/0 21:09 3:52 2:06
Nikita Scherbak 0 0 0 1 0 0 1 0 0 0 0/0 7:09 0:00 0:00
Patrick Sieloff 0 0 0 0 0 0 0 3 0 1 0/0 10:34 0:00 0:00
Petter Granberg 1 1 2 2 0 2 0 2 2 0 0/0 27:55 4:04 4:25
Philippe Myers 0 0 0 0 0 1 0 1 0 0 0/0 12:47 0:00 2:13
Rhett Rakhshani 0 0 0 0 0 4 1 0 0 0 0/0 11:59 0:08 0:00
Ryan Hartman 0 0 0 0 2 1 3 0 1 1 16/27 21:00 4:31 2:44
Sam Reinhart 0 1 1 0 0 3 1 0 0 0 3/3 19:32 4:37 1:11
Tanner Richard 1 0 1 1 2 5 0 0 0 1 5/11 16:16 3:19 1:11
3 Stars
1 - Kevin Labanc (Sto)
2 - Victor Rask (Sto)
3 - Petter Granberg (Roc)
Power Play
Heat - 3 on 6 Attempt(s) - 50.00%
Icehogs - 0 on 4 Attempt(s) - 0.00%
Penalty Kill
Heat - 4 on 4 Attempt(s) - 100.00%
- Score 0 goal in Penalty Kill
Icehogs - 3 on 6 Attempt(s) - 50.00%
- Score 0 goal in Penalty Kill
Team Stat
Heat - Hits : 19 - Faceoff Wins : 30 - Blocked Shots : 12 - Penalty Minutes : 8
Icehogs - Hits : 17 - Faceoff Wins : 35 - Blocked Shots : 8 - Penalty Minutes : 12
Official
Referees : Furman South and Kelly Sutherland
Linesman : Travis Toomey and Andrew Smith
Game Notes
Kevin Labanc has scored a Hat Trick!
Finance
Level 1 -- Attendance: 2000 (100.00%) -- Ticket Income $70,000
Level 2 -- Attendance: 935 (93.50%) -- Ticket Income $14,025
Total Attendance: 2935 (97.83%)
Total Ticket Income: $84,025
Other Income: $4,201
Total Income: $88,226
Heat
5 vs 5 Forward
Center Left Wing Right Wing Time % Phy DF OF
1 Victor Rask Matthew Nieto Kevin Labanc 40 1 2 2
2 Ryan Spooner Jake DeBrusk Evgeny Svechnikov 30 1 2 2
3 Nico Sturm Peter Cehlarik Barclay Goodrow 20 1 2 2
4 Chris Brown Jesper Bratt Tyler Shattock 10 1 2 2
5 vs 5 Defense
Defense Defense Time % Phy DF OF
1 Mathieu Brodeur Greg Pateryn 40 1 2 2
2 Rasmus Andersson Frank Corrado 30 1 2 2
3 John Gilmour Petteri Lindbohm 20 1 2 2
4 Mathieu Brodeur Greg Pateryn 10 1 2 2
PowerPlay Forward
Center Left Wing Right Wing Time % Phy DF OF
1 Victor Rask Matthew Nieto Kevin Labanc 60 1 2 2
2 Ryan Spooner Jake DeBrusk Evgeny Svechnikov 40 1 2 2
PowerPlay Defense
Defense Defense Time % Phy DF OF
1 Mathieu Brodeur Greg Pateryn 60 1 2 2
2 Rasmus Andersson Frank Corrado 40 1 2 2
Penalty Kill 4 Players Forward
Center Wing Time % Phy DF OF
1 Nico Sturm Kevin Labanc 60 1 2 2
2 Ryan Spooner Jake DeBrusk 40 1 2 2
Penalty Kill 4 Players Defense
Defense Defense Time % Phy DF OF
1 Mathieu Brodeur Greg Pateryn 60 1 2 2
2 Rasmus Andersson Frank Corrado 40 1 2 2
Penalty Kill - 3 Players Forward
Forward Time % Phy DF OF
1 Nico Sturm 60 1 2 2
2 Matthew Nieto 40 1 2 2
Penalty Kill - 3 Players Defense
Defense Defense Time % Phy DF OF
1 Mathieu Brodeur Greg Pateryn 60 1 2 2
2 Rasmus Andersson Frank Corrado 40 1 2 2
4 vs 4 Forward
Center Wing Time % Phy DF OF
1 Victor Rask Kevin Labanc 60 1 2 2
2 Nico Sturm Matthew Nieto 40 1 2 2
4 vs 4 Defense
Defense Defense Time % Phy DF OF
1 Mathieu Brodeur Greg Pateryn 60 1 2 2
2 Rasmus Andersson Frank Corrado 40 1 2 2
Last Minutes Offensive
Center Left Wing Right Wing Defense Defense
Victor Rask Matthew Nieto Kevin Labanc Mathieu Brodeur Greg Pateryn
Last Minutes Defensive
Center Left Wing Right Wing Defense Defense
Victor Rask Matthew Nieto Kevin Labanc Mathieu Brodeur Greg Pateryn
Goaltenders
Starting : Nathan Lieuwen
Backup : Vitek Vanecek
Extra Forwards
Normal : Ryan Spooner, Nico Sturm, Peter Cehlarik - PP : Ryan Spooner, Nico Sturm - PK : Peter Cehlarik
Extra Defensemen
Normal : John Gilmour, Petteri Lindbohm, Rasmus Andersson - PP : John Gilmour - PK : Petteri Lindbohm, Rasmus Andersson
Penalty Shots
Matthew Nieto, Kevin Labanc, Jake DeBrusk, Victor Rask, Evgeny Svechnikov
Scratches
Alexander True (Healthy), Brandon Hickey (Healthy), Christian Jaros (Healthy), Dominik Masin (Healthy), Eric Karlsson (Healthy)
Philip Varone (Bruised Right Arm Injury), Ryan Donato (Healthy), Trevor Carrick (Healthy), Vladislav Kamenev (Healthy), Tage Thompson (Healthy)
Radim Zohorna (Healthy), Michael Hutchinson (Healthy), Collin Delia (Healthy)
Icehogs
5 vs 5 Forward
Center Left Wing Right Wing Time % Phy DF OF
1 Ryan Hartman Craig Cunningham Sam Reinhart 40 1 2 2
2 Tanner Richard Mikhail Grigorenko Curtis Lazar 30 1 2 2
3 Clark Bishop Myles Bell Rhett Rakhshani 20 1 2 2
4 Jackson Cates Mattias Janmark Nikita Scherbak 10 1 2 2
5 vs 5 Defense
Defense Defense Time % Phy DF OF
1 Petter Granberg Ben Harpur 40 1 2 2
2 Nick Mattson Mike Reilly 30 1 2 2
3 Patrick Sieloff Philippe Myers 20 1 2 2
4 Petter Granberg Ben Harpur 10 1 2 2
PowerPlay Forward
Center Left Wing Right Wing Time % Phy DF OF
1 Ryan Hartman Craig Cunningham Sam Reinhart 60 1 2 2
2 Tanner Richard Mikhail Grigorenko Curtis Lazar 40 1 2 2
PowerPlay Defense
Defense Defense Time % Phy DF OF
1 Petter Granberg Ben Harpur 60 1 2 2
2 Nick Mattson Mike Reilly 40 1 2 2
Penalty Kill 4 Players Forward
Center Wing Time % Phy DF OF
1 Ryan Hartman Craig Cunningham 60 1 2 2
2 Tanner Richard Sam Reinhart 40 1 2 2
Penalty Kill 4 Players Defense
Defense Defense Time % Phy DF OF
1 Petter Granberg Ben Harpur 60 1 2 2
2 Nick Mattson Mike Reilly 40 1 2 2
Penalty Kill - 3 Players Forward
Forward Time % Phy DF OF
1 Ryan Hartman 60 1 2 2
2 Craig Cunningham 40 1 2 2
Penalty Kill - 3 Players Defense
Defense Defense Time % Phy DF OF
1 Petter Granberg Ben Harpur 60 1 2 2
2 Nick Mattson Mike Reilly 40 1 2 2
4 vs 4 Forward
Center Wing Time % Phy DF OF
1 Ryan Hartman Craig Cunningham 60 1 2 2
2 Tanner Richard Sam Reinhart 40 1 2 2
4 vs 4 Defense
Defense Defense Time % Phy DF OF
1 Petter Granberg Ben Harpur 60 1 2 2
2 Nick Mattson Mike Reilly 40 1 2 2
Last Minutes Offensive
Center Left Wing Right Wing Defense Defense
Ryan Hartman Craig Cunningham Sam Reinhart Petter Granberg Ben Harpur
Last Minutes Defensive
Center Left Wing Right Wing Defense Defense
Ryan Hartman Craig Cunningham Sam Reinhart Petter Granberg Ben Harpur
Goaltenders
Starting : Joe Cannata
Backup : Mackenzie Blackwood
Extra Forwards
Normal : Rhett Rakhshani, Myles Bell, Mattias Janmark - PP : Rhett Rakhshani, Myles Bell - PK : Mattias Janmark
Extra Defensemen
Normal : Patrick Sieloff, Philippe Myers, Nick Mattson - PP : Patrick Sieloff - PK : Philippe Myers, Nick Mattson
Penalty Shots
Ryan Hartman, Craig Cunningham, Tanner Richard, Sam Reinhart, Mikhail Grigorenko
Scratches
Calle Andersson (Healthy), Duncan Siemens (Healthy), JJ. Piccinich (Healthy), Julius Honka (Healthy), Kurtis Gabriel (Healthy)
Michael Chaput (Torn Left ACL Injury), Nick Paul (Healthy), Patrick Russell (Healthy), Ross Johnston (Healthy), Zach Whitecloud (Healthy)
Dillon Dube (Healthy), Jeremy Davies (Healthy), Michael Giugovaz (Healthy), Jack LaFontaine (Healthy)
% Time on Ice - Heat
Lines # - Real PCT - Wanted PCT - Time Play
Normal Forward
1 - 32% - 40% - 14:31
2 - 26% - 30% - 11:36
3 - 20% - 20% - 8:54
4 - 22% - 10% - 9:44
Normal Defense
1 - 42% - 40% - 18:49
2 - 32% - 30% - 14:10
3 - 23% - 20% - 10:30
4 - 3% - 10% - 1:16
PP Forward
1 - 66% - 60% - 4:49
2 - 34% - 40% - 2:30
PP Defense
1 - 67% - 60% - 4:52
2 - 33% - 40% - 2:27
PK Forward
1 - 70% - 60% - 5:35
2 - 30% - 40% - 2:21
PK Defense
1 - 58% - 60% - 4:38
2 - 42% - 40% - 3:18
PK3 Forward
1 - 0% - 60%
2 - 0% - 40%
PK3 Defense
1 - 0% - 60%
2 - 0% - 40%
44 Forward
1 - 0% - 60%
2 - 0% - 40%
44 Defense
1 - 0% - 60%
2 - 0% - 40%
Last Minute Offensive - 0:00
Last Minute Defensive - 0:00
Total
Forward - 60:00
Defense - 60:00
|
% Time on Ice - Icehogs
Lines # - Real PCT - Wanted PCT - Time Play
Normal Forward
1 - 32% - 40% - 14:17
2 - 26% - 30% - 11:47
3 - 26% - 20% - 11:32
4 - 16% - 10% - 7:09
Normal Defense
1 - 41% - 40% - 18:22
2 - 33% - 30% - 14:45
3 - 24% - 20% - 10:34
4 - 2% - 10% - 1:04
PP Forward
1 - 58% - 60% - 4:37
2 - 42% - 40% - 3:19
PP Defense
1 - 51% - 60% - 4:04
2 - 49% - 40% - 3:52
PK Forward
1 - 84% - 60% - 6:08
2 - 16% - 40% - 1:11
PK Defense
1 - 61% - 60% - 4:26
2 - 39% - 40% - 2:53
PK3 Forward
1 - 0% - 60%
2 - 0% - 40%
PK3 Defense
1 - 0% - 60%
2 - 0% - 40%
44 Forward
1 - 0% - 60%
2 - 0% - 40%
44 Defense
1 - 0% - 60%
2 - 0% - 40%
Last Minute Offensive - 0:00
Last Minute Defensive - 0:00
Total
Forward - 60:00
Defense - 60:00
|
Play-by-Play
1st period
0:01 of 1st period - Victor Rask wins face-off versus Ryan Hartman in neutral zone.
0:09 of 1st period - Snap shot by Kevin Labanc.
0:09 of 1st period - Shot Misses the Net.
0:11 of 1st period - Wrist shot by Greg Pateryn.
0:11 of 1st period - Shot Blocked by Petter Granberg.
1:04 of 1st period - Icing by Ben Harpur.
1:05 of 1st period - Jackson Cates wins face-off versus Chris Brown in Icehogs zone.
1:37 of 1st period - Snap shot by Sam Reinhart.
1:37 of 1st period - Stopped by Nathan Lieuwen with a rebound.
1:39 of 1st period - Slapshot by Philippe Myers.
1:39 of 1st period - Stopped by Nathan Lieuwen with a rebound.
1:53 of 1st period - Snap shot by Evgeny Svechnikov.
1:53 of 1st period - Shot Misses the Net.
1:55 of 1st period - Snap shot by Ryan Spooner.
1:55 of 1st period - Deflect By Evgeny Svechnikov.
1:55 of 1st period - Shot Blocked by Patrick Sieloff.
1:55 of 1st period - Puck is out of play.
1:56 of 1st period - Ryan Hartman wins face-off versus Victor Rask in Icehogs zone.
2:03 of 1st period - Wrist shot by Sam Reinhart.
2:03 of 1st period - Shot Blocked by Greg Pateryn.
2:29 of 1st period - Snap shot by Myles Bell.
2:29 of 1st period - Stopped by Nathan Lieuwen with a rebound.
2:31 of 1st period - Slapshot by Nick Mattson.
2:31 of 1st period - Shot Misses the Net.
2:33 of 1st period - Slapshot by Mike Reilly.
2:33 of 1st period - Shot Misses the Net.
2:35 of 1st period - Slapshot by Nick Mattson.
2:35 of 1st period - Shot Misses the Net.
2:45 of 1st period - Patrick Sieloff is hit by Barclay Goodrow and loses puck.
2:50 of 1st period - Backhand shot by Peter Cehlarik.
2:50 of 1st period - Stopped by Joe Cannata without a rebound.
2:51 of 1st period - Ryan Hartman wins face-off versus Victor Rask in Icehogs zone.
2:59 of 1st period - Snap shot by Ryan Hartman.
2:59 of 1st period - Shot Misses the Net.
3:07 of 1st period - Slapshot by Sam Reinhart.
3:07 of 1st period - Deflect By Ryan Hartman.
3:07 of 1st period - Shot Misses the Net.
3:07 of 1st period - Puck is out of play.
3:08 of 1st period - Nico Sturm wins face-off versus Tanner Richard in Heat zone.
3:37 of 1st period - Snap shot by Kevin Labanc.
3:37 of 1st period - Shot Misses the Net.
3:39 of 1st period - Wrist shot by Victor Rask.
3:39 of 1st period - Deflect By Matthew Nieto.
3:39 of 1st period - Stopped by Joe Cannata with a rebound.
3:41 of 1st period - Slapshot by Greg Pateryn.
3:41 of 1st period - Shot Misses the Net.
3:43 of 1st period - Slapshot by Mathieu Brodeur.
3:43 of 1st period - Stopped by Joe Cannata without a rebound.
3:44 of 1st period - Clark Bishop wins face-off versus Victor Rask in Icehogs zone.
3:44 of 1st period - Clark Bishop is hit by Victor Rask.
4:12 of 1st period - Icing by Philippe Myers.
4:13 of 1st period - Ryan Hartman wins face-off versus Ryan Spooner in Icehogs zone.
4:25 of 1st period - Off-side.
4:26 of 1st period - Ryan Spooner wins face-off versus Tanner Richard in neutral zone.
4:41 of 1st period - Slapshot by Jake DeBrusk.
4:41 of 1st period - Stopped by Joe Cannata without a rebound.
4:42 of 1st period - Victor Rask wins face-off versus Jackson Cates in Icehogs zone.
4:52 of 1st period - Snap shot by Kevin Labanc.
4:52 of 1st period - Stopped by Joe Cannata without a rebound.
4:53 of 1st period - Ryan Hartman wins face-off versus Chris Brown in Icehogs zone.
4:55 of 1st period - Minor Penalty to Ben Harpur for Hooking.
4:56 of 1st period - Ryan Hartman wins face-off versus Victor Rask in Icehogs zone.
5:12 of 1st period - Snap shot by Kevin Labanc.
5:12 of 1st period - Goal by Kevin Labanc - Heat : 1 - Icehogs : 0.
5:13 of 1st period - Victor Rask wins face-off versus Ryan Hartman in neutral zone.
5:26 of 1st period - Mathieu Brodeur is hit by Ben Harpur and loses puck.
6:04 of 1st period - Off-side.
6:05 of 1st period - Clark Bishop wins face-off versus Ryan Spooner in neutral zone.
6:14 of 1st period - Snap shot by Myles Bell.
6:14 of 1st period - Stopped by Nathan Lieuwen with a rebound.
6:16 of 1st period - Snap shot by Mike Reilly.
6:16 of 1st period - Shot Blocked by Rasmus Andersson.
6:18 of 1st period - Slapshot by Nick Mattson.
6:18 of 1st period - Stopped by Nathan Lieuwen with a rebound.
6:20 of 1st period - Snap shot by Rhett Rakhshani.
6:20 of 1st period - Shot Misses the Net.
6:37 of 1st period - Wrist shot by Myles Bell.
6:37 of 1st period - Stopped by Nathan Lieuwen with a rebound.
6:39 of 1st period - Slapshot by Patrick Sieloff.
6:39 of 1st period - Shot Misses the Net.
6:41 of 1st period - Backhand shot by Rhett Rakhshani.
6:41 of 1st period - Shot Misses the Net.
6:43 of 1st period - Slapshot by Philippe Myers.
6:43 of 1st period - Shot Misses the Net.
6:45 of 1st period - Slapshot by Philippe Myers.
6:45 of 1st period - Deflect By Myles Bell.
6:45 of 1st period - Stopped by Nathan Lieuwen with a rebound.
6:47 of 1st period - Slapshot by Philippe Myers.
6:47 of 1st period - Shot Blocked by Rasmus Andersson.
6:49 of 1st period - Snap shot by Rhett Rakhshani.
6:49 of 1st period - Shot Misses the Net.
7:03 of 1st period - Snap shot by Ryan Spooner.
7:03 of 1st period - Stopped by Joe Cannata without a rebound.
7:04 of 1st period - Ryan Hartman wins face-off versus Victor Rask in Icehogs zone.
8:18 of 1st period - Snap shot by Sam Reinhart.
8:18 of 1st period - Deflect By Mathieu Brodeur.
8:18 of 1st period - Shot Misses the Net.
8:18 of 1st period - Puck is out of play.
8:19 of 1st period - Nico Sturm wins face-off versus Jackson Cates in Heat zone.
8:34 of 1st period - Wrist shot by Barclay Goodrow.
8:34 of 1st period - Shot Blocked by Patrick Sieloff.
8:49 of 1st period - Jesper Bratt is hit by Ryan Hartman and loses puck.
9:26 of 1st period - Petter Granberg is hit by Victor Rask and loses puck.
9:52 of 1st period - Slapshot by Ben Harpur.
9:52 of 1st period - Deflect By Mattias Janmark.
9:52 of 1st period - Goal by Mattias Janmark - Heat : 1 - Icehogs : 1.
9:53 of 1st period - Victor Rask wins face-off versus Ryan Hartman in neutral zone.
9:55 of 1st period - Minor Penalty to Kevin Labanc for Hooking.
9:56 of 1st period - Ryan Hartman wins face-off versus Nico Sturm in Heat zone.
10:28 of 1st period - Slapshot by Sam Reinhart.
10:28 of 1st period - Stopped by Nathan Lieuwen without a rebound.
10:29 of 1st period - Nico Sturm wins face-off versus Tanner Richard in Heat zone.
10:54 of 1st period - Nick Mattson is hit by Jake DeBrusk and loses puck.
11:55 of 1st period - Penalty to Kevin Labanc is over, Kevin Labanc is back on ice.
12:17 of 1st period - Icing by Petter Granberg.
12:18 of 1st period - Tyler Shattock wins face-off versus Clark Bishop in Icehogs zone.
12:39 of 1st period - Snap shot by Ryan Spooner.
12:39 of 1st period - Stopped by Joe Cannata with a rebound.
12:45 of 1st period - Wrist shot by Jake DeBrusk.
12:45 of 1st period - Stopped by Joe Cannata with a rebound.
13:01 of 1st period - Slapshot by Mikhail Grigorenko.
13:01 of 1st period - Shot Misses the Net.
13:03 of 1st period - Slapshot by Petter Granberg.
13:03 of 1st period - Stopped by Nathan Lieuwen with a rebound.
13:05 of 1st period - Snap shot by Tanner Richard.
13:05 of 1st period - Stopped by Nathan Lieuwen with a rebound.
13:07 of 1st period - Slapshot by Ben Harpur.
13:07 of 1st period - Deflect By Tanner Richard.
13:07 of 1st period - Stopped by Nathan Lieuwen with a rebound.
13:15 of 1st period - Minor Penalty to Frank Corrado for Holding.
13:16 of 1st period - Sam Reinhart wins face-off versus Nico Sturm in Heat zone.
13:17 of 1st period - Snap shot by Craig Cunningham.
13:17 of 1st period - Stopped by Nathan Lieuwen with a rebound.
13:31 of 1st period - Slapshot by Nico Sturm.
13:31 of 1st period - Stopped by Joe Cannata without a rebound.
13:32 of 1st period - Nico Sturm wins face-off versus Ryan Hartman in Icehogs zone.
13:36 of 1st period - Off-side.
13:37 of 1st period - Ryan Hartman wins face-off versus Nico Sturm in neutral zone.
13:48 of 1st period - Snap shot by Ryan Hartman.
13:48 of 1st period - Shot Blocked by Greg Pateryn.
13:52 of 1st period - Snap shot by Craig Cunningham.
13:52 of 1st period - Shot Misses the Net.
15:15 of 1st period - Penalty to Frank Corrado is over, Frank Corrado is back on ice.
15:20 of 1st period - Frank Corrado is hit by Myles Bell and loses puck.
15:29 of 1st period - Wrist shot by Nico Sturm.
15:29 of 1st period - Stopped by Joe Cannata with a rebound.
15:32 of 1st period - Icing by Philippe Myers.
15:33 of 1st period - Clark Bishop wins face-off versus Chris Brown in Icehogs zone.
15:45 of 1st period - Patrick Sieloff is hit by John Gilmour and loses puck.
15:52 of 1st period - Tyler Shattock is hit by Rhett Rakhshani and loses puck.
15:59 of 1st period - Snap shot by Myles Bell.
15:59 of 1st period - Shot Blocked by John Gilmour.
16:01 of 1st period - Wrist shot by Philippe Myers.
16:01 of 1st period - Deflect By Myles Bell.
16:01 of 1st period - Shot Blocked by Petteri Lindbohm.
16:01 of 1st period - Puck is out of play.
16:02 of 1st period - Victor Rask wins face-off versus Ryan Hartman in Heat zone.
16:14 of 1st period - Victor Rask is hit by Ryan Hartman and loses puck.
16:49 of 1st period - Slapshot by Greg Pateryn.
16:49 of 1st period - Shot Misses the Net.
16:51 of 1st period - Snap shot by Barclay Goodrow.
16:51 of 1st period - Shot Misses the Net.
16:53 of 1st period - Slapshot by Greg Pateryn.
16:53 of 1st period - Shot Blocked by Petter Granberg.
16:55 of 1st period - Wrist shot by Nico Sturm.
16:55 of 1st period - Stopped by Joe Cannata with a rebound.
16:57 of 1st period - Snap shot by Peter Cehlarik.
16:57 of 1st period - Stopped by Joe Cannata with a rebound.
16:59 of 1st period - Snap shot by Nico Sturm.
16:59 of 1st period - Stopped by Joe Cannata with a rebound.
17:37 of 1st period - Off-side.
17:38 of 1st period - Ryan Spooner wins face-off versus Tanner Richard in neutral zone.
18:03 of 1st period - Curtis Lazar is hit by Nico Sturm.
18:53 of 1st period - Philippe Myers is hit by Ryan Spooner and loses puck.
19:06 of 1st period - Snap shot by Mikhail Grigorenko.
19:06 of 1st period - Stopped by Nathan Lieuwen with a rebound.
19:12 of 1st period - Mikhail Grigorenko is hit by Mathieu Brodeur and loses puck.
19:27 of 1st period - Slapshot by Barclay Goodrow.
19:27 of 1st period - Shot Misses the Net.
19:35 of 1st period - Slapshot by Craig Cunningham.
19:35 of 1st period - Deflect By Ryan Hartman.
19:35 of 1st period - Shot Misses the Net.
19:35 of 1st period - Puck is out of play.
19:36 of 1st period - Ryan Hartman wins face-off versus Matthew Nieto in Heat zone.
19:55 of 1st period - Minor Penalty to Frank Corrado for Hooking.
19:56 of 1st period - Nico Sturm wins face-off versus Ryan Hartman in Heat zone.
Goals for this period are 1 for Heat vs 1 for Icehogs.
Shots for this period are 14 for Heat vs 14 for Icehogs.
2nd period
0:01 of 2nd period - Nico Sturm wins face-off versus Ryan Hartman in neutral zone.
1:55 of 2nd period - Penalty to Frank Corrado is over, Frank Corrado is back on ice.
2:11 of 2nd period - Tyler Shattock is hit by Mike Reilly and loses puck.
3:35 of 2nd period - Chris Brown is hit by Craig Cunningham and loses puck.
3:59 of 2nd period - Mikhail Grigorenko is hit by Kevin Labanc and loses puck.
4:12 of 2nd period - Frank Corrado is hit by Nick Mattson and loses puck.
4:42 of 2nd period - Ryan Hartman is hit by Tyler Shattock and loses puck.
4:56 of 2nd period - Frank Corrado is hit by Ben Harpur and loses puck.
5:55 of 2nd period - Snap shot by Craig Cunningham.
5:55 of 2nd period - Stopped by Nathan Lieuwen with a rebound.
6:07 of 2nd period - Snap shot by Chris Brown.
6:07 of 2nd period - Stopped by Joe Cannata with a rebound.
6:09 of 2nd period - Slapshot by Frank Corrado.
6:09 of 2nd period - Shot Misses the Net.
6:11 of 2nd period - Wrist shot by Tyler Shattock.
6:11 of 2nd period - Stopped by Joe Cannata with a rebound.
6:13 of 2nd period - Slapshot by Mathieu Brodeur.
6:13 of 2nd period - Stopped by Joe Cannata without a rebound.
6:14 of 2nd period - Tanner Richard wins face-off versus Victor Rask in Icehogs zone.
6:22 of 2nd period - Minor Penalty to Curtis Lazar for Cross-checking.
6:23 of 2nd period - Victor Rask wins face-off versus Mattias Janmark in Icehogs zone.
6:29 of 2nd period - Snap shot by Matthew Nieto.
6:29 of 2nd period - Stopped by Joe Cannata with a rebound.
6:31 of 2nd period - Slapshot by Greg Pateryn.
6:31 of 2nd period - Stopped by Joe Cannata without a rebound.
6:32 of 2nd period - Victor Rask wins face-off versus Mattias Janmark in Icehogs zone.
7:21 of 2nd period - Snap shot by Matthew Nieto.
7:21 of 2nd period - Shot Misses the Net.
7:23 of 2nd period - Wrist shot by Kevin Labanc.
7:23 of 2nd period - Goal by Kevin Labanc - Heat : 2 - Icehogs : 1.
7:24 of 2nd period - Ryan Hartman wins face-off versus Ryan Spooner in neutral zone.
7:56 of 2nd period - Slapshot by Craig Cunningham.
7:56 of 2nd period - Deflect By Ryan Hartman.
7:56 of 2nd period - Stopped by Nathan Lieuwen with a rebound.
7:58 of 2nd period - Slapshot by Craig Cunningham.
7:58 of 2nd period - Stopped by Nathan Lieuwen without a rebound.
7:59 of 2nd period - Tanner Richard wins face-off versus Victor Rask in Heat zone.
8:04 of 2nd period - Wrist shot by Tanner Richard.
8:04 of 2nd period - Stopped by Nathan Lieuwen without a rebound.
8:05 of 2nd period - Victor Rask wins face-off versus Tanner Richard in Heat zone.
8:05 of 2nd period - Victor Rask is hit by Mikhail Grigorenko.
8:52 of 2nd period - Snap shot by Curtis Lazar.
8:52 of 2nd period - Shot Blocked by Mathieu Brodeur.
9:12 of 2nd period - Snap shot by Mikhail Grigorenko.
9:12 of 2nd period - Deflect By Mathieu Brodeur.
9:12 of 2nd period - Shot Misses the Net.
9:12 of 2nd period - Puck is out of play.
9:13 of 2nd period - Ryan Spooner wins face-off versus Ryan Hartman in Heat zone.
9:39 of 2nd period - Ryan Spooner is hit by Nikita Scherbak and loses puck.
9:46 of 2nd period - Slapshot by Nikita Scherbak.
9:46 of 2nd period - Shot Misses the Net.
10:54 of 2nd period - Frank Corrado is hit by Ben Harpur.
11:04 of 2nd period - Victor Rask is hit by Sam Reinhart and loses puck.
11:27 of 2nd period - Snap shot by Curtis Lazar.
11:27 of 2nd period - Shot Misses the Net.
11:59 of 2nd period - Snap shot by Rhett Rakhshani.
11:59 of 2nd period - Shot Hit the Post.
12:11 of 2nd period - Slapshot by Petter Granberg.
12:11 of 2nd period - Shot Blocked by Victor Rask.
12:13 of 2nd period - Slapshot by Ben Harpur.
12:13 of 2nd period - Stopped by Nathan Lieuwen with a rebound.
12:15 of 2nd period - Snap shot by Curtis Lazar.
12:15 of 2nd period - Shot Misses the Net.
13:31 of 2nd period - Peter Cehlarik is hit by Mikhail Grigorenko and loses puck.
13:42 of 2nd period - Snap shot by Mikhail Grigorenko.
13:42 of 2nd period - Deflect By Curtis Lazar.
13:42 of 2nd period - Stopped by Nathan Lieuwen without a rebound.
13:43 of 2nd period - Ryan Hartman wins face-off versus Victor Rask in Heat zone.
13:46 of 2nd period - Snap shot by Ryan Hartman.
13:46 of 2nd period - Shot Blocked by Rasmus Andersson.
13:51 of 2nd period - Minor Penalty to Frank Corrado for Interference.
13:52 of 2nd period - Sam Reinhart wins face-off versus Kevin Labanc in Heat zone.
14:44 of 2nd period - Snap shot by Jake DeBrusk.
14:44 of 2nd period - Stopped by Joe Cannata without a rebound.
14:45 of 2nd period - Tanner Richard wins face-off versus Ryan Spooner in Icehogs zone.
14:45 of 2nd period - Tanner Richard is hit by Ryan Spooner.
14:55 of 2nd period - Slapshot by Mike Reilly.
14:55 of 2nd period - Deflect By Tanner Richard.
14:55 of 2nd period - Stopped by Nathan Lieuwen with a rebound.
14:57 of 2nd period - Slapshot by Mikhail Grigorenko.
14:57 of 2nd period - Shot Misses the Net.
14:59 of 2nd period - Slapshot by Nick Mattson.
14:59 of 2nd period - Shot Blocked by Mathieu Brodeur.
15:09 of 2nd period - Sam Reinhart is hit by Greg Pateryn and loses puck.
15:51 of 2nd period - Penalty to Frank Corrado is over, Frank Corrado is back on ice.
16:01 of 2nd period - Backhand shot by Petteri Lindbohm.
16:01 of 2nd period - Stopped by Joe Cannata with a rebound.
16:03 of 2nd period - Slapshot by Rasmus Andersson.
16:03 of 2nd period - Shot Blocked by Nick Mattson.
16:05 of 2nd period - Snap shot by Peter Cehlarik.
16:05 of 2nd period - Stopped by Joe Cannata with a rebound.
16:07 of 2nd period - Wrist shot by Peter Cehlarik.
16:07 of 2nd period - Stopped by Joe Cannata without a rebound.
16:08 of 2nd period - Chris Brown wins face-off versus Clark Bishop in Icehogs zone.
16:09 of 2nd period - Snap shot by Jesper Bratt.
16:09 of 2nd period - Shot Misses the Net.
16:11 of 2nd period - Slapshot by Greg Pateryn.
16:11 of 2nd period - Shot Misses the Net.
16:13 of 2nd period - Slapshot by Mathieu Brodeur.
16:13 of 2nd period - Stopped by Joe Cannata with a rebound.
16:15 of 2nd period - Slapshot by Tyler Shattock.
16:15 of 2nd period - Shot Blocked by Patrick Sieloff.
16:17 of 2nd period - Slapshot by Mathieu Brodeur.
16:17 of 2nd period - Deflect By Myles Bell.
16:17 of 2nd period - Stopped by Joe Cannata without a rebound.
16:18 of 2nd period - Chris Brown wins face-off versus Clark Bishop in Icehogs zone.
16:19 of 2nd period - Snap shot by Jesper Bratt.
16:19 of 2nd period - Shot Misses the Net.
16:45 of 2nd period - Clark Bishop is hit by Mathieu Brodeur and loses puck.
16:58 of 2nd period - Snap shot by Jesper Bratt.
16:58 of 2nd period - Shot Blocked by Philippe Myers.
17:04 of 2nd period - Snap shot by Jesper Bratt.
17:04 of 2nd period - Stopped by Joe Cannata without a rebound.
17:05 of 2nd period - Victor Rask wins face-off versus Ryan Hartman in Icehogs zone.
17:08 of 2nd period - Snap shot by Kevin Labanc.
17:08 of 2nd period - Shot Misses the Net.
17:10 of 2nd period - Snap shot by Rasmus Andersson.
17:10 of 2nd period - Stopped by Joe Cannata without a rebound.
17:11 of 2nd period - Ryan Hartman wins face-off versus Victor Rask in Icehogs zone.
17:37 of 2nd period - Off-side.
17:38 of 2nd period - Ryan Spooner wins face-off versus Tanner Richard in neutral zone.
18:08 of 2nd period - Craig Cunningham is hit by Matthew Nieto and loses puck.
18:40 of 2nd period - Icing by Petteri Lindbohm.
18:41 of 2nd period - Peter Cehlarik wins face-off versus Jackson Cates in Heat zone.
19:16 of 2nd period - Minor Penalty to Ryan Hartman for Tripping.
19:17 of 2nd period - Victor Rask wins face-off versus Mattias Janmark in Icehogs zone.
Goals for this period are 1 for Heat vs 0 for Icehogs.
Shots for this period are 14 for Heat vs 7 for Icehogs.
3rd period
0:01 of 3rd period - Craig Cunningham wins face-off versus Victor Rask in neutral zone.
0:08 of 3rd period - Slapshot by Mattias Janmark.
0:08 of 3rd period - Stopped by Nathan Lieuwen without a rebound.
0:09 of 3rd period - Kevin Labanc wins face-off versus Mattias Janmark in Heat zone.
0:16 of 3rd period - Slapshot by Petter Granberg.
0:16 of 3rd period - Shot Blocked by Mathieu Brodeur.
0:18 of 3rd period - Slapshot by Petter Granberg.
0:18 of 3rd period - Shot Blocked by Matthew Nieto.
0:20 of 3rd period - Slapshot by Ben Harpur.
0:20 of 3rd period - Shot Misses the Net.
0:22 of 3rd period - Snap shot by Craig Cunningham.
0:22 of 3rd period - Stopped by Nathan Lieuwen with a rebound.
0:24 of 3rd period - Slapshot by Ben Harpur.
0:24 of 3rd period - Stopped by Nathan Lieuwen with a rebound.
0:26 of 3rd period - Slapshot by Petter Granberg.
0:26 of 3rd period - Deflect By Craig Cunningham.
0:26 of 3rd period - Shot Misses the Net.
0:26 of 3rd period - Puck is out of play.
0:27 of 3rd period - Mattias Janmark wins face-off versus Ryan Spooner in Heat zone.
0:38 of 3rd period - Ben Harpur is hit by Evgeny Svechnikov and loses puck.
1:16 of 3rd period - Penalty to Ryan Hartman is over, Ryan Hartman is back on ice.
1:49 of 3rd period - Snap shot by Kevin Labanc.
1:49 of 3rd period - Stopped by Joe Cannata with a rebound.
1:55 of 3rd period - Frank Corrado is hit by Ryan Hartman and loses puck.
2:06 of 3rd period - Wrist shot by Tyler Shattock.
2:06 of 3rd period - Stopped by Joe Cannata without a rebound.
2:07 of 3rd period - Clark Bishop wins face-off versus Chris Brown in Icehogs zone.
2:14 of 3rd period - Wrist shot by Myles Bell.
2:14 of 3rd period - Stopped by Nathan Lieuwen with a rebound.
2:32 of 3rd period - Tanner Richard is hit by Jake DeBrusk and loses puck.
2:57 of 3rd period - Petter Granberg is hit by John Gilmour and loses puck.
4:17 of 3rd period - Jesper Bratt is hit by Jackson Cates and loses puck.
4:39 of 3rd period - Slapshot by Philippe Myers.
4:39 of 3rd period - Shot Misses the Net.
5:01 of 3rd period - Slapshot by Craig Cunningham.
5:01 of 3rd period - Deflect By Sam Reinhart.
5:01 of 3rd period - Shot Misses the Net.
5:01 of 3rd period - Puck is out of play.
5:02 of 3rd period - Clark Bishop wins face-off versus Victor Rask in Heat zone.
5:03 of 3rd period - Wrist shot by Rhett Rakhshani.
5:03 of 3rd period - Stopped by Nathan Lieuwen with a rebound.
5:10 of 3rd period - Icing by Matthew Nieto.
5:11 of 3rd period - Clark Bishop wins face-off versus Matthew Nieto in Heat zone.
5:12 of 3rd period - Wrist shot by Rhett Rakhshani.
5:12 of 3rd period - Stopped by Nathan Lieuwen with a rebound.
5:30 of 3rd period - Wrist shot by Myles Bell.
5:30 of 3rd period - Deflect By Rhett Rakhshani.
5:30 of 3rd period - Stopped by Nathan Lieuwen with a rebound.
5:34 of 3rd period - Wrist shot by Rhett Rakhshani.
5:34 of 3rd period - Stopped by Nathan Lieuwen without a rebound.
5:35 of 3rd period - Ryan Hartman wins face-off versus Ryan Spooner in Heat zone.
5:44 of 3rd period - Snap shot by Sam Reinhart.
5:44 of 3rd period - Stopped by Nathan Lieuwen with a rebound.
6:07 of 3rd period - Slapshot by Rasmus Andersson.
6:07 of 3rd period - Stopped by Joe Cannata without a rebound.
6:08 of 3rd period - Tanner Richard wins face-off versus Victor Rask in Icehogs zone.
7:50 of 3rd period - Snap shot by Ryan Spooner.
7:50 of 3rd period - Shot Blocked by Mike Reilly.
7:52 of 3rd period - Snap shot by Ryan Spooner.
7:52 of 3rd period - Stopped by Joe Cannata without a rebound.
7:53 of 3rd period - Sam Reinhart wins face-off versus Victor Rask in Icehogs zone.
8:02 of 3rd period - Wrist shot by Craig Cunningham.
8:02 of 3rd period - Stopped by Nathan Lieuwen with a rebound.
8:04 of 3rd period - Snap shot by Sam Reinhart.
8:04 of 3rd period - Shot Misses the Net.
8:06 of 3rd period - Slapshot by Petter Granberg.
8:06 of 3rd period - Goal by Petter Granberg - Heat : 2 - Icehogs : 2.
8:07 of 3rd period - Victor Rask wins face-off versus Ryan Hartman in neutral zone.
8:55 of 3rd period - Myles Bell is hit by Tyler Shattock and loses puck.
9:32 of 3rd period - Snap shot by Mattias Janmark.
9:32 of 3rd period - Shot Misses the Net.
9:34 of 3rd period - Snap shot by Jackson Cates.
9:34 of 3rd period - Stopped by Nathan Lieuwen without a rebound.
9:35 of 3rd period - Mikhail Grigorenko wins face-off versus Ryan Spooner in Heat zone.
10:35 of 3rd period - Off-side.
10:36 of 3rd period - Victor Rask wins face-off versus Jackson Cates in neutral zone.
11:32 of 3rd period - Minor Penalty to Tanner Richard for Tripping.
11:33 of 3rd period - Ryan Hartman wins face-off versus Victor Rask in Icehogs zone.
11:43 of 3rd period - Wrist shot by Craig Cunningham.
11:43 of 3rd period - Shot Misses the Net.
11:49 of 3rd period - Snap shot by Kevin Labanc.
11:49 of 3rd period - Goal by Kevin Labanc - Heat : 3 - Icehogs : 2.
11:50 of 3rd period - Victor Rask wins face-off versus Ryan Hartman in neutral zone.
11:55 of 3rd period - Wrist shot by Victor Rask.
11:55 of 3rd period - Shot Misses the Net.
12:24 of 3rd period - Wrist shot by Kevin Labanc.
12:24 of 3rd period - Stopped by Joe Cannata with a rebound.
12:39 of 3rd period - Minor Penalty to Nick Mattson for Delaying the game.
12:40 of 3rd period - Ryan Hartman wins face-off versus Ryan Spooner in Icehogs zone.
13:06 of 3rd period - Ryan Hartman is hit by Victor Rask and loses puck.
13:35 of 3rd period - Slapshot by Mike Reilly.
13:35 of 3rd period - Stopped by Nathan Lieuwen with a rebound.
13:42 of 3rd period - Icing by Greg Pateryn.
13:43 of 3rd period - Victor Rask wins face-off versus Craig Cunningham in Heat zone.
14:39 of 3rd period - Penalty to Nick Mattson is over, Nick Mattson is back on ice.
16:17 of 3rd period - Wrist shot by Peter Cehlarik.
16:17 of 3rd period - Stopped by Joe Cannata without a rebound.
16:18 of 3rd period - Tanner Richard wins face-off versus Nico Sturm in Icehogs zone.
17:19 of 3rd period - Wrist shot by Tanner Richard.
17:19 of 3rd period - Goal by Tanner Richard - Heat : 3 - Icehogs : 3.
17:20 of 3rd period - Nico Sturm wins face-off versus Clark Bishop in neutral zone.
17:49 of 3rd period - Snap shot by Kevin Labanc.
17:49 of 3rd period - Shot Misses the Net.
17:51 of 3rd period - Slapshot by Victor Rask.
17:51 of 3rd period - Goal by Victor Rask - Heat : 4 - Icehogs : 3.
17:52 of 3rd period - Clark Bishop wins face-off versus Nico Sturm in neutral zone.
17:55 of 3rd period - Peter Cehlarik is hit by Myles Bell and loses puck.
18:13 of 3rd period - Minor Penalty to Ben Harpur for Slashing.
18:14 of 3rd period - Ryan Hartman wins face-off versus Victor Rask in Icehogs zone.
Goals for this period are 2 for Heat vs 2 for Icehogs.
Shots for this period are 8 for Heat vs 14 for Icehogs.